 Dungeon Crawl Stone Soup version 0.28-a0-793-g31680bbd8b (webtiles) character file.

Game seed: 14167134328995877516

63 ytrimaz the Skirmisher (level 3, -3/29 HPs)
             Began as a Demonspawn Fighter on Nov 4, 2021.
             Killed from afar by Sigmund (7 damage)
             ... with a puff of flame
             ... on level 2 of the Dungeon.
             The game lasted 00:01:36 (2080 turns).

ytrimaz the Skirmisher (Demonspawn Fighter)         Turns: 2080, Time: 00:01:37

Health: -3/29      AC:  8    Str: 17    XL:     3   Next: 87%
Magic:  3/3        EV:  9    Int:  9    God:
Gold:   54         SH:  4    Dex: 12    Spells: 2/2 levels left

rFire   . . .      SeeInvis .   a - +0 rapier
rCold   . . .      Faith    .   c - +0 buckler
rNeg    + . .      Spirit   .   b - +0 scale mail
rPois   .          Reflect  .   (no helmet)
rElec   .          Harm     .   (no cloak)
rCorr   .          Rampage  .   h - +0 pair of gloves
Will    .....                   (no boots)
Stlth   ..........              (no amulet)
HPRegen 0.09/turn               e - ring of positive energy
MPRegen 0.08/turn               (no ring)

@: mighty
A: claws 1
a: no special abilities


You were on level 2 of the Dungeon.
You visited 1 branch of the dungeon, and saw 2 of its levels.

You collected 54 gold pieces.

Inventory:

Hand Weapons
 a - a +0 rapier (weapon)
Armour
 b - a +0 scale mail (worn)
 c - a +0 buckler (worn)
 h - a +0 pair of gloves (worn)
Jewellery
 e - a ring of positive energy (left hand)
Scrolls
 f - a scroll of identify {unknown}
 g - a scroll of blinking {unknown}
 i - a scroll of acquirement {unknown}
 m - a scroll of magic mapping {unknown}
Potions
 j - 2 potions of degeneration {unknown}
 k - a potion of lignification {unknown}
 l - a potion of flight {unknown}


   Skills:
 + Level 3.3 Fighting
 - Level 1.7 Short Blades
 + Level 3.3 Armour
 * Level 1.2 Dodging
 + Level 3.0 Shields
 * Level 0.6 Unarmed Combat


You had 2 spell levels left.
You didn't know any spells.
Your spell library contained the following spells:

 Spells                   Type           Power      Damage    Failure   Level
 Corpse Rot               Necr/Air       0%         N/A       92%         2
 Poisonous Vapours        Pois/Air       0%         N/A       92%         2


Dungeon Overview and Level Annotations

Branches:
Dungeon (2/15)

Altars:

Shops:
D:2 (

Annotations:
D:2 Sigmund


Innate Abilities, Weirdness & Mutations

You have sharp fingernails.


Message History

Found 18 stones.
The kobold throws a stone.
You block the stone.
A goblin comes into view. It is wielding a +0 club.
You block Sigmund's attack. The kobold hits you but does no damage.
Sigmund hits you with a +0 scythe.
You hit Sigmund.
Sigmund is moderately wounded.
You block the kobold's attack. The goblin closely misses you.
You hit Sigmund.
Sigmund is moderately wounded.
Sigmund casts a spell at you. The magic dart hits you.
The kobold barely misses you. The goblin hits you with a +0 club.
Sigmund casts a spell at you. The magic dart hits you!
You feel very mighty all of a sudden. You block the kobold's attack.
The goblin hits you with a +0 club.
* * * LOW HITPOINT WARNING * * *
You block Sigmund's attack.
You barely miss Sigmund.
Sigmund is moderately wounded.
The kobold misses you. The goblin hits you but does no damage.
The kobold hits you with a +0 club.
* * * LOW HITPOINT WARNING * * *
Unknown command.
You closely miss Sigmund.
Sigmund is moderately wounded.
Sigmund barely misses you. The goblin completely misses you.
The kobold hits you but does no damage.
You puncture Sigmund!
Sigmund is severely wounded.
The goblin barely misses you.
Sigmund's eyes start glowing with a red light.
You block Sigmund's attack. The kobold hits you but does no damage.
You closely miss Sigmund.
Sigmund is severely wounded.
You block the goblin's attack. The kobold hits you with a +0 club.
* * * LOW HITPOINT WARNING * * *
Sigmund gestures at you while chanting. The puff of flame hits you!
You die...

#.#.....................
#.##.................#..
#............(.......'..
####.................###
#.................
#........... ....
####........ ..
#...........
#...@.......
#..g@K...### #........#
#........# #........#
#........# #........#
#........#


You could see Sigmund, a goblin and a kobold.

Vanquished Creatures
  2 adders (D:2)
  A worm (D:2)
  4 endoplasms
  5 giant cockroaches
  A goblin (D:2)
  8 hobgoblins
  4 kobolds
  A quokka (D:1)
  6 ball pythons
  2 bats (D:2)
  3 frilled lizards
  2 rats (D:1)
39 creatures vanquished.

Vanquished Creatures (others)
  3 plants (D:1)
3 creatures vanquished.

Grand Total: 42 creatures vanquished

Notes
Turn   | Place    | Note
-------+----------+-------------------------------------------
     0 | D:1      | ytrimaz the Demonspawn Fighter began the quest for the Orb.
     0 | D:1      | Reached XP level 1. HP: 18/18 MP: 1/1
   234 | D:1      | Gained mutation: You have sharp fingernails. [demonic
                  | ancestry]
   234 | D:1      | Reached XP level 2. HP: 18/24 MP: 2/2
   972 | D:1      | Found a faded altar of an unknown god.
  1157 | D:2      | Found Xytseag's Weapon Shoppe.
  1166 | D:2      | Reached XP level 3. HP: 29/29 MP: 3/3
  1605 | D:2      | Reached skill level 1 in Dodging
  2070 | D:2      | Noticed Sigmund
  2080 | D:2      | Killed from afar by Sigmund

Illustrated notes

Levels and vault maps discovered:
D:1:      kennysheep_arrival_forest, layout_loops_cross,
          ebering_ecumenical_altar_sacrificial, serial_bayou_pond_b,
          amcnicky_mini_corridor_feature
D:2:      layout_basic, serial_shops, nicolae_diamond_shop, grunt_ministairs_6,
          uniq_sigmund

Skill      XL: |  1  2  3 |
---------------+----------+-----
Armour         | 3 |  3.3
Shields        | 3 |  3.0
Dodging        | 1 |  1.2
Fighting       | |  3.3
Short Blades   | |  1.7
Unarmed Combat | |  0.6

Action                   || total
-------------------------++-------
Melee: Rapier            ||   146
       Unarmed           ||    16
  Use: Potion            ||     1
Armor: Scale mail        ||    86
Dodge: Dodged            ||    86
Block: Buckler           ||    40

Table legend: (Time is in decaauts)
 A = Elapsed time spent in this place.
 B = Non-inter-level travel time spent in this place.
 C = Inter-level travel time spent in this place.
 D = Time resting spent in this place.
 E = Time spent auto-exploring this place.
 F = Levels seen in this place.
 G = Mean time per level.
                   A        B        C        D        E       F      G
               +--------+--------+--------+--------+--------+-----+--------+
         Total |   2100 |   2084 |     16 |      0 |   1742 |   2 | 1050.0 |
       Dungeon |   2100 |   2084 |     16 |      0 |   1742 |   2 | 1050.0 |
               +--------+--------+--------+--------+--------+-----+--------+

Top non-repeatable levels by time:
     D:1: 1060 daAuts
     D:2: 1040 daAuts
